 Dungeon Crawl Stone Soup version 0.29.1-2-gbd0b4ee654 (webtiles) character file.

Game seed: 15427801022739717435

84 Bloodgem the Trooper (level 4, -4/41 HPs)
             Began as a Minotaur Monk on Nov 4, 2022.
             Slain by a gnoll
             ... wielding a +0 halberd
              (7 damage)
             ... on level 3 of the Dungeon.
             The game lasted 00:02:34 (2368 turns).

Bloodgem the Trooper (Minotaur Monk)                Turns: 2368, Time: 00:02:35

Health: -4/41      AC:  9    Str: 18    XL:     4   Next: 24%
Magic:  3/3        EV:  8    Int:  7    God:
Gold:   106        SH:  0    Dex: 12    Spells: 3/3 levels left

rFire   . . .      SeeInvis .   a - +0 hand axe
rCold   . . .      Faith    .   (no shield)
rNeg    . . .      Spirit   .   g - +0 chain mail
rPois   .          Reflect  .   (helmet restricted)
rElec   .          Harm     .   n - +0 cloak
rCorr   .          Rampage  .   (no gloves)
Will    .....                   (no boots)
Stlth   ..........              (no amulet)
HPRegen 0.13/turn               (no ring)
MPRegen 0.08/turn               (no ring)

@: no status effects
A: horns 2, retaliatory headbutt
a: no special abilities


You were on level 3 of the Dungeon.
You visited 1 branch of the dungeon, and saw 3 of its levels.

You collected 106 gold pieces.

Inventory:

Hand Weapons
 a - a +0 hand axe (weapon)
Armour
 g - a +0 chain mail (worn)
 n - a +0 cloak (worn)
Jewellery
 f - an amulet of regeneration
Scrolls
 d - a scroll of immolation {unknown}
 h - a scroll of identify {unknown}
 i - a scroll of teleportation {unknown}
 k - a scroll of enchant weapon {unknown}
 l - a scroll of summoning {unknown}
 m - a scroll of butterflies {unknown}
 p - 3 scrolls of poison {unknown}
 q - a scroll of enchant armour {unknown}
 r - 2 scrolls of amnesia {unknown}
Potions
 b - a potion of heal wounds {unknown}
 c - a potion of ambrosia
 e - a potion of resistance {unknown}
 j - a potion of curing {unknown}
 o - a potion of attraction {unknown}
 s - a potion of brilliance {unknown}


   Skills:
 + Level 4.4 Fighting
 + Level 4.3 Axes
 + Level 2.2 Armour
 + Level 4.0 Dodging
 - Level 1.5 Stealth


You had 3 spell levels left.
You didn't know any spells.
Your spell library contained the following spells:

 Spells                   Type           Power      Damage    Failure   Level
 Sandblast                Erth           0%         2d4       100%        1
 Passwall                 Tmut/Erth      0%         N/A       100%        2
 Stone Arrow              Conj/Erth      0%         3d7       100%        3


Dungeon Overview and Level Annotations

Branches:
Dungeon (3/15)

Altars:


Innate Abilities, Weirdness & Mutations

You have a pair of horns on your head.
You reflexively headbutt those who attack you in melee.


Message History

A gnoll comes into view. It is wielding a +0 halberd.
A gnoll is nearby!
The gnoll shouts!
You hear a shout!
A gnoll comes into view. It is wielding a +0 spear.
Found an escape hatch in the floor.
The gnoll closely misses you. The gnoll barely misses you.
You hit the gnoll but do no damage. Your headbutt misses the gnoll.
The gnoll hits you but does no damage. The gnoll barely misses you.
You hit the gnoll.
The gnoll is moderately wounded.
The gnoll hits you from afar with a +0 spear.
The gnoll barely misses you.
You completely miss the gnoll. Your headbutt misses the gnoll.
The gnoll is moderately wounded.
The gnoll closely misses you. The gnoll hits you but does no damage.
You hit the gnoll but do no damage.
The gnoll is moderately wounded.
The gnoll hits you but does no damage. The gnoll barely misses you.
A gnoll comes into view. It is wielding a +0 halberd.
The gnoll shouts!
You hit the gnoll.
The gnoll is severely wounded.
The gnoll hits you with a +0 halberd!
The gnoll hits you from afar with a +0 spear.
You hit the gnoll.
You kill the gnoll!
The gnoll hits you from afar with a +0 spear.
Your Dodging skill increases to level 4!
The gnoll hits you but does no damage. x2
Things that are here:
a +0 halberd; a scroll labelled YGOGIRH ZIKLYSERCH You barely miss the gnoll.
The gnoll misses you.
The gnoll hits you from afar with a +0 halberd.
The gnoll hits you with a +0 spear.
The gnoll hits you from afar with a +0 halberd!
* * * LOW HITPOINT WARNING * * *
You barely miss the gnoll. You headbutt the gnoll!
The gnoll is almost dead.
The gnoll hits you from afar with a +0 halberd!
You die...

....#
......# .
..... ..#
.... ....
... #....
#.#
#.....####.#
.....gg@...#
......####.#
..... #.#
.... #.# .>.
#.# .. #.# .
#.# # #.#
#.##.# #.#


You could see 2 gnolls.

Vanquished Creatures
  A gnoll (D:3)
  3 adders (D:2)
  A dart slug (D:2)
  4 bats
  6 endoplasms
  2 giant cockroaches
  3 hobgoblins (D:1)
  3 quokkas
  6 ball pythons
  2 frilled lizards (D:2)
  3 goblins (D:1)
  6 kobolds
  7 rats
47 creatures vanquished.

Notes
Turn   | Place    | Note
-------+----------+-------------------------------------------
     0 | D:1      | Bloodgem the Minotaur Monk began the quest for the Orb.
     0 | D:1      | Reached XP level 1. HP: 19/19 MP: 0/0
   289 | D:1      | Reached XP level 2. HP: 24/27 MP: 1/1
   440 | D:1      | Reached skill level 1 in Armour
  1137 | D:2      | Reached XP level 3. HP: 29/33 MP: 2/2
  1893 | D:2      | Reached XP level 4. HP: 41/41 MP: 3/3
  2368 | D:3      | Slain by a gnoll

Illustrated notes

Levels and vault maps discovered:
D:1:      minmay_arrival_shoal_huts, layout_loops_ring,
          amcnicky_mini_rare_corridor_liquid
D:2:      layout_basic
D:3:      layout_loops_ring, shapermc_ecumenical_altar_hornbeckon

Skill      XL: |  1  2  3  4 |
---------------+-------------+-----
Armour         | 1 2 |  2.2
Fighting       | 4 |  4.4
Axes           | 4 |  4.3
Dodging        | 4 |  4.0
Stealth        | |  1.5

Action                   |  1- 3 |  4- 6 || total
-------------------------+-------+-------++-------
Melee: Hand axe          |   114 |    17 ||   131
       Headbutt          |    15 |     2 ||    17
Armor: Robe              |     4 |       ||     4
       Chain mail        |    54 |    12 ||    66
Dodge: Dodged            |    49 |    12 ||    61
